[Event "VI Floripa Open 2020"]
[Site "Florianopolis"]
[Date "2020.01.21"]
[Round "2.169"]
[White "Rahn, Marlon Cristiano"]
[Black "Garcia, Erich Douglas Ribeir"]
[Result "0-1"]
[ECO "B13"]
[WhiteElo "1174"]
[BlackElo "1453"]
[Annotator "NA"]
[PlyCount "68"]
[EventDate "2020.01.20"]
[EventType "swiss"]
[EventRounds "10"]
[EventCountry "BRA"]
[SourceTitle "playchess.com"]
[Source "ChessBase"]
[SourceQuality "1"]
[TimeControl "5400+30"]

1. e4 c6 2. d4 d5 3. exd5 cxd5 4. Bd3 Nc6 5. c3 Nf6 6. Ne2 e6 7. Be3 Bd6 8. Nd2 O-O 9. O-O Re8 10. Nf3 a6 11. a4 Bd7 12. Qc2 h6 13. b4 Rc8 14. Qd2 Ne4 15. Bxe4 dxe4 16. Ne1 Ne7 17. Bxh6 gxh6 18. Qxh6 Ng6 19. Ng3 Bf4 20. Qh5 Kg7 21. Qe2 f5 22. Nh5+ Kf7 23. Nxf4 Nxf4 24. Qe3 Ng6 25. g3 Rh8 26. Ng2 Qg8 27. Rfc1 Qh7 28. h4 Rcg8 29. c4 Nxh4 30. Nxh4 Qxh4 31. Kf1 Qh1+ 32. Ke2 Qg2 33. Rg1 Qf3+ 34. Qxf3 exf3+ 0-1

[Event "VI Floripa Open 2020"]
[Site "Florianopolis"]
[Date "2020.01.21"]
[Round "2.170"]
[White "Dias Filho, Pedro Stein"]
[Black "Ittner, Emily Caroline"]
[Result "1-0"]
[ECO "B56"]
[WhiteElo "1445"]
[BlackElo "1087"]
[Annotator "NA"]
[PlyCount "67"]
[EventDate "2020.01.20"]
[EventType "swiss"]
[EventRounds "10"]
[EventCountry "BRA"]
[SourceTitle "playchess.com"]
[Source "ChessBase"]
[SourceQuality "1"]
[TimeControl "5400+30"]

1. e4 c5 2. Nf3 d6 3. d4 cxd4 4. Nxd4 e5 5. Nb3 Nf6 6. Nc3 Be7 7. Bg5 Nbd7 8. f3 b6 9. Qd2 O-O 10. O-O-O a6 11. g4 Bb7 12. h4 Qc7 13. Bxf6 Bxf6 14. g5 Be7 15. Nd5 Bxd5 16. exd5 a5 17. Kb1 a4 18. Nc1 Nc5 19. Nd3 b5 20. Nxc5 Qxc5 21. Bd3 g6 22. h5 Qxd5 23. Qh2 Bxg5 24. hxg6 Kg7 25. Be4 Qc5 26. Qxh7+ Kf6 27. Bxa8 a3 28. g7 Rxa8 29. g8=Q Rxg8 30. Qxg8 axb2 31. Qd8+ Kf5 32. Qd7+ Kf4 33. Qg4+ Ke3 34. Rhe1+ 1-0

[Event "VI Floripa Open 2020"]
[Site "Florianopolis"]
[Date "2020.01.21"]
[Round "2.171"]
[White "Kim, Andre"]
[Black "Meirelles, Olyntho Vitoria"]
[Result "0-1"]
[ECO "B11"]
[WhiteElo "1121"]
[BlackElo "1440"]
[Annotator "NA"]
[PlyCount "118"]
[EventDate "2020.01.20"]
[EventType "swiss"]
[EventRounds "10"]
[EventCountry "BRA"]
[SourceTitle "playchess.com"]
[Source "ChessBase"]
[SourceQuality "1"]
[TimeControl "5400+30"]

1. e4 c6 2. Nf3 d5 3. Nc3 Bg4 4. Be2 e6 5. d3 Bb4 6. O-O Bxc3 7. bxc3 dxe4 8. dxe4 Qxd1 9. Rxd1 Bxf3 10. Bxf3 Nd7 11. Be3 Ngf6 12. Rd2 Ne5 13. Bd4 Nxf3+ 14. gxf3 Rd8 15. Rad1 b6 16. Be5 Rxd2 17. Rxd2 Nd7 18. Bg3 h5 19. h4 f6 20. f4 g6 21. Rd6 Ke7 22. Rxc6 Nc5 23. Rc7+ Nd7 24. Rxa7 Rc8 25. Ra3 Nc5 26. f3 b5 27. Bf2 Kd6 28. Kf1 Na4 29. Be1 e5 30. fxe5+ Kxe5 31. Ke2 f5 32. exf5 Kxf5 33. c4 Rxc4 34. Rd3 Rxc2+ 35. Ke3 Rc5 36. Rd4 Re5+ 37. Re4 Rxe4+ 38. fxe4+ Ke5 39. Bb4 Nb6 40. Kf3 Nd7 41. Be7 Ke6 42. Bd8 Ne5+ 43. Kf4 Nf7 44. Bc7 Kd7 45. Bb6 Ke6 46. a3 Nd6 47. Bc5 Nf7 48. Bb4 Ne5 49. Bc3 Nd3+ 50. Kg5 Kf7 51. Bf6 Ne1 52. e5 Nf3+ 53. Kf4 Ne1 54. Ke4 Nc2 55. Kd3 Nxa3 56. Kc3 Nc4 57. Kb4 Ke6 58. Kxb5 Nxe5 59. Bxe5 Kxe5 0-1

[Event "VI Floripa Open 2020"]
[Site "Florianopolis"]
[Date "2020.01.21"]
[Round "2.172"]
[White "Constantino, Pedro Henrique"]
[Black "Da Silva, Kauan Salvagni Teles"]
[Result "1-0"]
[ECO "C08"]
[WhiteElo "1432"]
[BlackElo "1005"]
[Annotator "NA"]
[PlyCount "33"]
[EventDate "2020.01.20"]
[EventType "swiss"]
[EventRounds "10"]
[EventCountry "BRA"]
[SourceTitle "playchess.com"]
[Source "ChessBase"]
[SourceQuality "1"]
[TimeControl "5400+30"]

1. e4 e6 2. d4 d5 3. Nd2 c5 4. exd5 exd5 5. Bb5+ Bd7 6. Bxd7+ Nxd7 7. Ne2 Ngf6 8. O-O Be7 9. Nf3 h6 10. Ng3 O-O 11. Re1 Re8 12. b3 Nf8 13. Nf5 Kh7 14. Ne5 Kg8 15. Re3 Ng6 16. Rg3 Kh8 17. Nxf7+ 1-0

[Event "VI Floripa Open 2020"]
[Site "Florianopolis"]
[Date "2020.01.21"]
[Round "2.174"]
[White "Nunes, Nicole"]
[Black "Sabadin, Rosan"]
[Result "0-1"]
[ECO "B07"]
[WhiteElo "1096"]
[BlackElo "1412"]
[Annotator "NA"]
[PlyCount "56"]
[EventDate "2020.01.20"]
[EventType "swiss"]
[EventRounds "10"]
[EventCountry "BRA"]
[SourceTitle "playchess.com"]
[Source "ChessBase"]
[SourceQuality "1"]
[TimeControl "5400+30"]

1. e4 d6 2. d4 Nf6 3. f3 c6 4. Nc3 g6 5. Be3 Bg7 6. Qd2 h6 7. O-O-O a6 8. Kb1 Qa5 9. Be2 Be6 10. d5 cxd5 11. exd5 Bf5 12. Nb5 Qxd2 13. Bxd2 axb5 14. Bxb5+ Bd7 15. Bxd7+ Nbxd7 16. Bb4 Nb6 17. Nh3 Nfxd5 18. Ba3 O-O 19. Rd2 Nf6 20. Re1 Nc4 21. Rd3 Nxa3+ 22. bxa3 Rfe8 23. Kb2 Nd7+ 24. c3 Nc5 25. Rde3 Bf6 26. Nf4 Kg7 27. Nd5 e6 28. Nxf6 Kxf6 0-1

[Event "VI Floripa Open 2020"]
[Site "Florianopolis"]
[Date "2020.01.21"]
[Round "2.175"]
[White "Da Costa, Evelyn Maria Fuck"]
[Black "Zottis, Ernani"]
[Result "1/2-1/2"]
[ECO "D02"]
[WhiteElo "1011"]
[BlackElo "1404"]
[Annotator "NA"]
[PlyCount "53"]
[EventDate "2020.01.20"]
[EventType "swiss"]
[EventRounds "10"]
[EventCountry "BRA"]
[SourceTitle "playchess.com"]
[Source "ChessBase"]
[SourceQuality "1"]
[TimeControl "5400+30"]

1. d4 d5 2. Bf4 Nf6 3. e3 g6 4. Bd3 Bg7 5. h3 O-O 6. Nf3 Re8 7. Nbd2 Nbd7 8. O-O c5 9. c3 c4 10. Bc2 Nh5 11. Bh2 e5 12. dxe5 Nxe5 13. Qe2 b5 14. Rad1 Bb7 15. e4 Qb6 16. Rfe1 Rad8 17. exd5 Nxf3+ 18. Qxf3 Rxe1+ 19. Rxe1 Rxd5 20. Qe2 Rg5 21. Be4 Bc8 22. Qe3 Bh6 23. Qxb6 axb6 24. g4 Ng7 25. Bf4 Rxg4+ 26. hxg4 Bxf4 27. Re2 1/2-1/2

[Event "VI Floripa Open 2020"]
[Site "Florianopolis"]
[Date "2020.01.21"]
[Round "2.186"]
[White "Zacarias, Rodrigo Medeiros"]
[Black "Calcada, Henrique Galvan"]
[Result "1-0"]
[ECO "B22"]
[WhiteElo "2095"]
[BlackElo "1322"]
[Annotator "NA"]
[PlyCount "68"]
[EventDate "2020.01.20"]
[EventType "swiss"]
[EventRounds "10"]
[EventCountry "BRA"]
[SourceTitle "playchess.com"]
[Source "ChessBase"]
[SourceQuality "1"]
[TimeControl "5400+30"]

1. e4 c5 2. Nf3 d6 3. c3 Nc6 4. d4 Nf6 5. d5 Ne5 6. Nxe5 dxe5 7. Be2 Nxe4 8. Qa4+ Qd7 9. Bb5 Nd6 10. Bxd7+ Bxd7 11. Qc2 Bf5 12. Qe2 f6 13. Be3 c4 14. Bc5 Bd3 15. Qd1 b5 16. a4 bxa4 17. Qxa4+ Kf7 18. Bxd6 exd6 19. Qd7+ Be7 20. Nd2 Rhd8 21. Qa4 g6 22. Nxc4 Rdc8 23. b3 Rab8 24. Qxa7 Bxc4 25. bxc4 Rb3 26. Qa6 Rcb8 27. O-O Rxc3 28. Rab1 Re8 29. Rfe1 Rd3 30. c5 dxc5 31. Qxd3 Rd8 32. g3 Kg7 33. Rb7 Kf8 34. Rxe7 Kxe7 1-0

[Event "VI Floripa Open 2020"]
[Site "Florianopolis"]
[Date "2020.01.21"]
[Round "3.8"]
[White "Zampronha, Wladimir Camilo"]
[Black "Santiago, Yago De Moura"]
[Result "0-1"]
[ECO "C11"]
[WhiteElo "2179"]
[BlackElo "2486"]
[Annotator "ChessBase"]
[PlyCount "54"]
[EventDate "2020.01.20"]
[EventType "swiss"]
[EventRounds "10"]
[EventCountry "BRA"]
[SourceTitle "playchess.com"]
[Source "ChessBase"]
[SourceQuality "1"]
[TimeControl "5400+30"]

1. e4 e6 2. d4 d5 3. Nc3 Nf6 4. e5 Nfd7 5. f4 c5 6. Nf3 Nc6 7. Be3 Be7 8. Qd2 O-O 9. dxc5 Qa5 10. Be2 Bxc5 11. Bxc5 Nxc5 12. O-O-O Bd7 13. f5 exf5 14. Kb1 Be6 15. Nxd5 Qxd2 16. Rxd2 Ne4 17. Rdd1 Nf2 18. Nc7 Rac8 19. Nxe6 fxe6 20. Bc4 Rfe8 21. Ng5 Nxh1 22. Bxe6+ Rxe6 23. Nxe6 Re8 24. Nc7 Re7 25. Nb5 Nf2 26. Rf1 Rxe5 27. Nd6 Ne4 0-1

[Event "VI Floripa Open 2020"]
[Site "Florianopolis"]
[Date "2020.01.21"]
[Round "3.9"]
[White "Labussiere, Yago"]
[Black "Rodriguez Vila, Andres"]
[Result "0-1"]
[ECO "E12"]
[WhiteElo "2125"]
[BlackElo "2469"]
[Annotator "ChessBase"]
[PlyCount "50"]
[EventDate "2020.01.20"]
[EventType "swiss"]
[EventRounds "10"]
[EventCountry "BRA"]
[SourceTitle "playchess.com"]
[Source "ChessBase"]
[SourceQuality "1"]
[TimeControl "5400+30"]

1. d4 e6 2. c4 Nf6 3. Nc3 Bb4 4. e3 b6 5. Bd3 Bb7 6. Nf3 O-O 7. O-O c5 8. Bd2 cxd4 9. exd4 Be7 10. Qe2 d5 11. Bg5 dxc4 12. Bxc4 Nc6 13. Rad1 Nb4 14. Rfe1 Nbd5 15. Bb3 Rc8 16. Rc1 Nxc3 17. bxc3 Ne4 18. Bxe7 Qxe7 19. Qd3 Qa3 20. Bc2 Nf6 21. Ne5 Nd5 22. Qg3 Qd6 23. c4 Nf6 24. Qe3 Rfd8 25. Red1 Be4 0-1

[Event "VI Floripa Open 2020"]
[Site "Florianopolis"]
[Date "2020.01.21"]
[Round "3.10"]
[White "Matsuura, Everaldo"]
[Black "Gruettner, Ralf"]
[Result "1-0"]
[ECO "C45"]
[WhiteElo "2433"]
[BlackElo "2099"]
[Annotator "ChessBase"]
[PlyCount "101"]
[EventDate "2020.01.20"]
[EventType "swiss"]
[EventRounds "10"]
[EventCountry "BRA"]
[SourceTitle "playchess.com"]
[Source "ChessBase"]
[SourceQuality "1"]
[TimeControl "5400+30"]

1. e4 e5 2. Nf3 Nc6 3. d4 exd4 4. Nxd4 Nf6 5. Nxc6 bxc6 6. e5 Qe7 7. Qe2 Nd5 8. c4 Ba6 9. Nd2 g6 10. Nf3 Bg7 11. Bg5 Qb4+ 12. Qd2 Qxd2+ 13. Kxd2 Ne7 14. Bd3 h6 15. Be3 O-O 16. h4 d5 17. exd6 cxd6 18. Bd4 Bxd4 19. Nxd4 c5 20. Rhe1 Rfe8 21. Nc2 Rab8 22. b3 Bb7 23. Be4 Bxe4 24. Rxe4 Nc6 25. Rae1 Rxe4 26. Rxe4 Kf8 27. h5 gxh5 28. Rh4 Nb4 29. Nxb4 Rxb4 30. Rxh5 Kg7 31. Kd3 a5 32. Ke4 a4 33. Kd5 axb3 34. axb3 Rb6 35. Rh3 Kg6 36. Re3 h5 37. g3 Kg5 38. Rf3 f6 39. Ke6 Kg4 40. Rf4+ Kg5 41. Kd7 Kg6 42. Rf3 Kg5 43. Kc7 Ra6 44. Rd3 f5 45. Rxd6 Rxd6 46. Kxd6 f4 47. Kxc5 fxg3 48. fxg3 Kg4 49. b4 Kxg3 50. b5 h4 51. b6 1-0

[Event "VI Floripa Open 2020"]
[Site "Florianopolis"]
[Date "2020.01.21"]
[Round "3.11"]
[White "Federzoni, Enzo"]
[Black "Carneiro, Vitor Roberto Castro"]
[Result "0-1"]
[ECO "B12"]
[WhiteElo "2118"]
[BlackElo "2432"]
[Annotator "ChessBase"]
[PlyCount "60"]
[EventDate "2020.01.20"]
[EventType "swiss"]
[EventRounds "10"]
[EventCountry "BRA"]
[SourceTitle "playchess.com"]
[Source "ChessBase"]
[SourceQuality "1"]
[TimeControl "5400+30"]

1. e4 c6 2. d4 d5 3. e5 Bf5 4. h4 h6 5. g4 Bd7 6. Bd3 c5 7. dxc5 Qc7 8. Qe2 e6 9. Nc3 Bxc5 10. Nf3 a6 11. Bd2 Ne7 12. O-O-O Nbc6 13. h5 b5 14. Kb1 b4 15. Na4 Nd4 16. Nxd4 Bxd4 17. b3 Bxa4 18. bxa4 Qa5 19. Bc1 Qxa4 20. f4 Rb8 21. Bc4 Bc3 22. Bb3 Qc6 23. f5 a5 24. f6 gxf6 25. exf6 Bxf6 26. Rhf1 Bg7 27. Qf3 Rf8 28. Qf4 Rb7 29. g5 a4 30. gxh6 Bh8 0-1

[Event "VI Floripa Open 2020"]
[Site "Florianopolis"]
[Date "2020.01.21"]
[Round "3.12"]
[White "Torella, Rodolfo"]
[Black "Languidey, Simon Alejandro"]
[Result "0-1"]
[ECO "C00"]
[WhiteElo "2091"]
[BlackElo "2425"]
[Annotator "ChessBase"]
[PlyCount "90"]
[EventDate "2020.01.20"]
[EventType "swiss"]
[EventRounds "10"]
[EventCountry "BRA"]
[SourceTitle "playchess.com"]
[Source "ChessBase"]
[SourceQuality "1"]
[TimeControl "5400+30"]

1. e4 e6 2. d3 d5 3. Nd2 Nf6 4. Ngf3 Be7 5. g3 c5 6. Bg2 Nc6 7. O-O O-O 8. Re1 Qc7 9. e5 Nd7 10. Qe2 b5 11. h4 Bb7 12. Nf1 Rfc8 13. Bf4 h6 14. N1h2 Qd8 15. c3 Bf8 16. Nd2 Ne7 17. Ndf3 a5 18. g4 Nb6 19. g5 h5 20. Nd2 g6 21. Bf3 Qe8 22. Ndf1 Nf5 23. Bxh5 gxh5 24. Qxh5 Ng7 25. Qe2 d4 26. Nd2 Nd5 27. Bg3 dxc3 28. Ne4 Qc6 29. Ng4 Rc7 30. Nh6+ Kh8 31. bxc3 Nxc3 32. Qf3 Qe8 33. Qg4 Nxe4 34. dxe4 Rd8 35. f4 Rd4 36. Bf2 Rxe4 37. Be3 c4 38. Bb6 Rd7 39. h5 Rd2 40. g6 Rxe1+ 41. Rxe1 fxg6 42. hxg6 Nf5 43. Nf7+ Kg7 44. Qh3 Rg2+ 45. Kf1 Ng3+ 0-1

[Event "VI Floripa Open 2020"]
[Site "Florianopolis"]
[Date "2020.01.21"]
[Round "3.13"]
[White "Lage, Pedro Ferreira"]
[Black "Coro, Lucas"]
[Result "0-1"]
[ECO "D76"]
[WhiteElo "2038"]
[BlackElo "2366"]
[Annotator "ChessBase"]
[PlyCount "134"]
[EventDate "2020.01.20"]
[EventType "swiss"]
[EventRounds "10"]
[EventCountry "BRA"]
[SourceTitle "playchess.com"]
[Source "ChessBase"]
[SourceQuality "1"]
[TimeControl "5400+30"]

1. Nf3 Nf6 2. c4 g6 3. g3 Bg7 4. Bg2 O-O 5. O-O d5 6. cxd5 Nxd5 7. d4 Nb6 8. Nc3 Nc6 9. e3 Re8 10. Re1 e5 11. d5 Na5 12. e4 c6 13. Bg5 f6 14. Be3 Nac4 15. dxc6 bxc6 16. Bc5 Qxd1 17. Nxd1 Na4 18. Bf1 Ncxb2 19. Nxb2 Nxc5 20. Rac1 Bf8 21. Nd3 Nxd3 22. Bxd3 Rd8 23. Be2 Rd6 24. Red1 Bb7 25. Rxd6 Bxd6 26. Rb1 Rb8 27. Nd2 Ba8 28. Nb3 Kf8 29. Rc1 Ke7 30. Kf1 Rd8 31. f3 Bc7 32. Ba6 Bb6 33. Ke2 f5 34. Rc4 Kf6 35. exf5 gxf5 36. g4 Rg8 37. h3 h5 38. a4 hxg4 39. hxg4 e4 40. Nc5 exf3+ 41. Kxf3 Rxg4 42. Nd7+ Ke6 43. Bc8 Kd6 44. Nxb6 axb6 45. Rxg4 c5+ 46. Ke3 fxg4 47. Bxg4 Bc6 48. Bd1 Kc7 49. Kd3 Kb7 50. Kc4 Ka6 51. Kb3 Ka5 52. Ka3 Be4 53. Bb3 Bd3 54. Bd5 Bc2 55. Bc6 Bd3 56. Bd5 Be2 57. Be6 Bd1 58. Bd7 c4 59. Bb5 c3 60. Bd7 Bc2 61. Bc6 Bb1 62. Kb3 c2 63. Kb2 Kb4 64. Bb5 Kc5 65. Bd3 c1=Q+ 66. Kxc1 Bxd3 67. a5 b5 0-1

[Event "VI Floripa Open 2020"]
[Site "Florianopolis"]
[Date "2020.01.21"]
[Round "3.14"]
[White "Ribeiro, Regina"]
[Black "Rodrigues, Edgar"]
[Result "0-1"]
[ECO "C00"]
[WhiteElo "1890"]
[BlackElo "2328"]
[Annotator "ChessBase"]
[PlyCount "64"]
[EventDate "2020.01.20"]
[EventType "swiss"]
[EventRounds "10"]
[EventCountry "BRA"]
[SourceTitle "playchess.com"]
[Source "ChessBase"]
[SourceQuality "1"]
[TimeControl "5400+30"]

1. Nf3 Nf6 2. g3 d5 3. Bg2 e6 4. d3 Be7 5. O-O O-O 6. Nbd2 c5 7. c3 Nc6 8. e4 Qc7 9. Qe2 b5 10. e5 Nd7 11. Re1 c4 12. d4 b4 13. a3 bxc3 14. bxc3 Qa5 15. Qe3 Nb6 16. h4 Na4 17. Nb1 Rb8 18. Nfd2 Bd7 19. Re2 Rb5 20. f4 Rfb8 21. Rf2 Nxd4 22. cxd4 c3 23. Nxc3 Nxc3 24. Bf1 R5b7 25. Qf3 Rc7 26. Qg4 Na4 27. Rf3 Rxc1 28. Rxc1 Qxd2 29. Rc7 Qxd4+ 30. Kh2 Bc5 31. Bg2 Qg1+ 32. Kh3 Rb2 0-1

[Event "VI Floripa Open 2020"]
[Site "Florianopolis"]
[Date "2020.01.21"]
[Round "3.15"]
[White "Matsuura, Frederico"]
[Black "Chang, Suzana"]
[Result "1-0"]
[ECO "B26"]
[WhiteElo "2272"]
[BlackElo "2010"]
[Annotator "ChessBase"]
[PlyCount "85"]
[EventDate "2020.01.20"]
[EventType "swiss"]
[EventRounds "10"]
[EventCountry "BRA"]
[SourceTitle "playchess.com"]
[Source "ChessBase"]
[SourceQuality "1"]
[TimeControl "5400+30"]

1. e4 c5 2. Nc3 Nc6 3. g3 g6 4. Bg2 Bg7 5. d3 e6 6. Be3 d6 7. Qd2 h6 8. Nge2 Nd4 9. O-O Ne7 10. Rab1 Nec6 11. Nf4 O-O 12. Nd1 Qa5 13. Qxa5 Nxa5 14. c3 Nb5 15. a4 Nc7 16. b4 cxb4 17. cxb4 Nc6 18. Ne2 Ne5 19. Nb2 Ng4 20. Bd2 Bd7 21. h3 Ne5 22. Rfc1 Rac8 23. f4 Nc6 24. Nc4 Nd4 25. Kf1 Nxe2 26. Kxe2 Ne8 27. b5 Bd4 28. Na5 Rb8 29. Nb3 Bf6 30. Bb4 a6 31. e5 Be7 32. b6 Bxa4 33. Na5 f6 34. Rc7 Rf7 35. Nxb7 fxe5 36. fxe5 Nxc7 37. bxc7 Rbf8 38. Rf1 Rxf1 39. Bxf1 Bc6 40. Na5 Bd7 41. exd6 Bf6 42. Bg2 Bd4 43. Bc6 1-0

[Event "VI Floripa Open 2020"]
[Site "Florianopolis"]
[Date "2020.01.21"]
[Round "3.16"]
[White "Viana Da Costa, Fernando"]
[Black "Mesquita, Guilherme"]
[Result "1-0"]
[ECO "A18"]
[WhiteElo "2265"]
[BlackElo "1895"]
[Annotator "ChessBase"]
[PlyCount "48"]
[EventDate "2020.01.20"]
[EventType "swiss"]
[EventRounds "10"]
[EventCountry "BRA"]
[SourceTitle "playchess.com"]
[Source "ChessBase"]
[SourceQuality "1"]
[TimeControl "5400+30"]

1. c4 Nf6 2. Nc3 e6 3. e4 Bb4 4. e5 Bxc3 5. dxc3 Ne4 6. Qg4 d5 7. Qxg7 Rf8 8. Bh6 Nd7 9. Nf3 c6 10. Bd3 b6 11. Bxe4 dxe4 12. Ng5 Qe7 13. Nxh7 Ba6 14. Nxf8 Qxf8 15. Qxf8+ Nxf8 16. Bxf8 Kxf8 17. b3 Ke7 18. Ke2 Rg8 19. h4 f5 20. h5 Bc8 21. h6 Bd7 22. h7 Rh8 23. Ke3 Be8 24. Rh6 a5 1-0

[Event "VI Floripa Open 2020"]
[Site "Florianopolis"]
[Date "2020.01.21"]
[Round "3.18"]
[White "Molina, Roberto Junio Brito"]
[Black "Piccoli, Lucas Fonseca"]
[Result "1-0"]
[ECO "E08"]
[WhiteElo "2431"]
[BlackElo "2159"]
[Annotator "ChessBase"]
[PlyCount "80"]
[EventDate "2020.01.20"]
[EventType "swiss"]
[EventRounds "10"]
[EventCountry "BRA"]
[SourceTitle "playchess.com"]
[Source "ChessBase"]
[SourceQuality "1"]
[TimeControl "5400+30"]

1. Nf3 Nf6 2. c4 e6 3. g3 d5 4. d4 Be7 5. Bg2 O-O 6. O-O c6 7. Qc2 b6 8. Rd1 Bb7 9. Bf4 Nbd7 10. Nc3 Nh5 11. Bc1 Ndf6 12. e4 dxe4 13. Ng5 h6 14. Ngxe4 Nxe4 15. Qxe4 Nf6 16. Qe2 Qc7 17. Bf4 Bd6 18. Bxd6 Qxd6 19. Rd2 Rac8 20. Rad1 Rfe8 21. f4 Ba6 22. b3 Qb8 23. Qe5 Rc7 24. h3 Qc8 25. g4 Nd7 26. Qe3 Qd8 27. g5 hxg5 28. fxg5 Qe7 29. h4 b5 30. c5 b4 31. Ne4 e5 32. Qg3 Kh8 33. Rf2 Rf8 34. Nd6 Bb5 35. Re1 a6 36. Bh3 f6 37. g6 Rb8 38. Qg4 Nf8 39. dxe5 Bd3 40. h5 f5 1-0

[Event "VI Floripa Open 2020"]
[Site "Florianopolis"]
[Date "2020.01.21"]
[Round "3.19"]
[White "Umetsubo, Cesar Hidemitsu"]
[Black "Dias, Anderson Tatsch"]
[Result "1-0"]
[ECO "B40"]
[WhiteElo "2385"]
[BlackElo "2136"]
[Annotator "ChessBase"]
[PlyCount "133"]
[EventDate "2020.01.20"]
[EventType "swiss"]
[EventRounds "10"]
[EventCountry "BRA"]
[SourceTitle "playchess.com"]
[Source "ChessBase"]
[SourceQuality "1"]
[TimeControl "5400+30"]

1. e4 c5 2. Nf3 e6 3. d4 cxd4 4. Nxd4 Qb6 5. Nc3 Bc5 6. Na4 Qa5+ 7. c3 Bxd4 8. Qxd4 Nf6 9. Nc5 Nc6 10. Qe3 d5 11. Nb3 Qc7 12. exd5 Nxd5 13. Qg3 Qe5+ 14. Be2 O-O 15. Qxe5 Nxe5 16. f4 Ng6 17. O-O b6 18. c4 Nde7 19. g3 Ba6 20. Be3 Rac8 21. Rac1 Nf5 22. Bf2 Rfd8 23. a4 Nd6 24. Rfd1 Ne4 25. Rxd8+ Rxd8 26. Be3 Ne7 27. Nd4 Nf5 28. Nxf5 exf5 29. b4 g6 30. a5 Rb8 31. axb6 axb6 32. Ra1 Bc8 33. Bd4 Be6 34. Ra6 Nd2 35. Be5 Rc8 36. Rxb6 Nxc4 37. Rb8 Rxb8 38. Bxb8 Kf8 39. Kf2 Ke8 40. Bf3 Kd7 41. Ke2 Nb6 42. Kd3 Nd5 43. b5 Nf6 44. Bc6+ Kc8 45. Be5 Ng4 46. b6 Nxe5+ 47. fxe5 g5 48. Kd4 Kb8 49. Kc5 Bc8 50. Bd5 Be6 51. Bf3 h6 52. Kd6 f4 53. gxf4 gxf4 54. Kc5 Bc8 55. Bh5 Be6 56. h4 Bc8 57. Bxf7 f3 58. Bc4 f2 59. Bf1 Kb7 60. Bg2+ Ka6 61. b7 Bxb7 62. Bf1+ Ka7 63. e6 Bc8 64. Kd6 Bxe6 65. Kxe6 Kb7 66. Kf6 Kc7 67. Kg6 1-0

[Event "VI Floripa Open 2020"]
[Site "Florianopolis"]
[Date "2020.01.21"]
[Round "3.20"]
[White "Oliveira, Silvio Eduardo"]
[Black "Heinechen, Juan"]
[Result "1/2-1/2"]
[ECO "B38"]
[WhiteElo "2300"]
[BlackElo "2110"]
[Annotator "ChessBase"]
[PlyCount "49"]
[EventDate "2020.01.20"]
[EventType "swiss"]
[EventRounds "10"]
[EventCountry "BRA"]
[SourceTitle "playchess.com"]
[Source "ChessBase"]
[SourceQuality "1"]
[TimeControl "5400+30"]

1. c4 c5 2. Nf3 g6 3. d4 cxd4 4. Nxd4 Bg7 5. e4 Nc6 6. Be3 d6 7. Nc3 Nf6 8. Be2 O-O 9. O-O Nxd4 10. Bxd4 a5 11. Qd2 Bd7 12. Rfd1 Bc6 13. f3 Nd7 14. Be3 Nc5 15. b3 Qb6 16. Rab1 Qb4 17. Rdc1 Rfc8 18. Qe1 Ne6 19. Bd2 Nc5 20. Nd5 Qxd2 21. Qxd2 Bxd5 22. cxd5 Bd4+ 23. Kf1 a4 24. b4 Nb3 25. Rd1 1/2-1/2

[Event "VI Floripa Open 2020"]
[Site "Florianopolis"]
[Date "2020.01.21"]
[Round "3.21"]
[White "Menna Barreto, Luiz Ney"]
[Black "Souza, Rafael Cabral De"]
[Result "1/2-1/2"]
[ECO "A31"]
[WhiteElo "2283"]
[BlackElo "2104"]
[Annotator "ChessBase"]
[PlyCount "24"]
[EventDate "2020.01.20"]
[EventType "swiss"]
[EventRounds "10"]
[EventCountry "BRA"]
[SourceTitle "playchess.com"]
[Source "ChessBase"]
[SourceQuality "1"]
[TimeControl "5400+30"]

1. Nf3 c5 2. c4 Nf6 3. Nc3 g6 4. d4 cxd4 5. Nxd4 d5 6. Nf3 Qa5 7. cxd5 Bg7 8. Bd2 Nxd5 9. Rb1 Nc6 10. Qb3 Nxc3 11. Bxc3 Bxc3+ 12. Qxc3 Qxc3+ 1/2-1/2

[Event "VI Floripa Open 2020"]
[Site "Florianopolis"]
[Date "2020.01.21"]
[Round "3.22"]
[White "Pereira, Geanfrancesco"]
[Black "Goncalves, Davi Sulzbacher"]
[Result "0-1"]
[ECO "A36"]
[WhiteElo "2078"]
[BlackElo "2282"]
[Annotator "ChessBase"]
[PlyCount "94"]
[EventDate "2020.01.20"]
[EventType "swiss"]
[EventRounds "10"]
[EventCountry "BRA"]
[SourceTitle "playchess.com"]
[Source "ChessBase"]
[SourceQuality "1"]
[TimeControl "5400+30"]

1. c4 c5 2. Nc3 Nc6 3. g3 g6 4. Bg2 Bg7 5. h4 Nf6 6. d3 d6 7. Nf3 a6 8. Nd2 Rb8 9. Nde4 Nxe4 10. Bxe4 h6 11. Bd2 Bd7 12. a4 Ne5 13. O-O f5 14. Bg2 O-O 15. Qc1 Kh7 16. Nd5 e6 17. Nf4 Ng4 18. Bc3 Qe7 19. e4 Bc6 20. exf5 gxf5 21. Bxg7 Kxg7 22. Re1 e5 23. Bd5 Kh7 24. d4 cxd4 25. Ne6 Qf6 26. Nxf8+ Rxf8 27. Qd1 e4 28. Ra3 d3 29. Rb3 Qd4 30. Qd2 Ne5 31. Qc3 Nf3+ 32. Kf1 Qxc3 33. Rxc3 Nxe1 34. Kxe1 Bxd5 35. cxd5 Kg7 36. Kd2 Kf6 37. f4 Rg8 38. Rc7 Rg7 39. Rxg7 Kxg7 40. h5 a5 41. Ke3 Kf7 42. Kd2 Ke7 43. Ke3 Kd7 44. Kd2 Kc7 45. Kc3 Kb6 46. g4 fxg4 47. f5 Kc7 0-1

[Event "VI Floripa Open 2020"]
[Site "Florianopolis"]
[Date "2020.01.21"]
[Round "3.23"]
[White "Antunes, Luciano Justi"]
[Black "Gazel, Frederico"]
[Result "0-1"]
[ECO "A46"]
[WhiteElo "2061"]
[BlackElo "2267"]
[Annotator "ChessBase"]
[PlyCount "92"]
[EventDate "2020.01.20"]
[EventType "swiss"]
[EventRounds "10"]
[EventCountry "BRA"]
[SourceTitle "playchess.com"]
[Source "ChessBase"]
[SourceQuality "1"]
[TimeControl "5400+30"]

1. Nf3 Nf6 2. d4 e6 3. g3 b5 4. Bg2 Bb7 5. O-O c5 6. c3 Na6 7. Bg5 Be7 8. Nbd2 O-O 9. Re1 h6 10. Bxf6 Bxf6 11. e4 d6 12. Qe2 b4 13. e5 Be7 14. Nc4 d5 15. Ne3 cxd4 16. cxd4 Qb6 17. Qd2 Rfd8 18. Rec1 Rac8 19. Bf1 Nb8 20. Rxc8 Rxc8 21. Rd1 Ba6 22. Rc1 Rxc1 23. Qxc1 Nc6 24. Qd2 Bxf1 25. Nxf1 f6 26. Ne3 fxe5 27. dxe5 Bc5 28. Nd1 Qc7 29. Qf4 Qa5 30. Qg4 Nd8 31. Qg6 Kf8 32. Qc2 Qb6 33. Kg2 Nf7 34. Ne3 Bxe3 35. fxe3 Qxe3 36. Qc8+ Ke7 37. Qc7+ Ke8 38. Qc6+ Kd8 39. Nh4 Qe4+ 40. Kg1 Qb1+ 41. Kg2 Qxb2+ 42. Kg1 Qa1+ 43. Kg2 Qxa2+ 44. Kg1 Qb1+ 45. Kg2 Qe4+ 46. Kg1 Nxe5 0-1